 Dungeon Crawl Stone Soup version 0.16-a0-3724-gf14d081 (webtiles) character file.

1288 vatarom the Fighter (level 8, -2/78 HPs)
             Began as a Black Draconian Abyssal Knight on Jan 21, 2015.
             Was a Priest of Lugonu.
             Killed themself with a badly aimed orb of electricity (9 damage)
             ... on level 7 of the Dungeon.
             The game lasted 00:12:12 (5946 turns).

vatarom the Fighter (DrAK)                          Turns: 5946, Time: 00:12:13

Health: -2/78      AC:  7    Str: 17 (21) XL:     8   Next: 30%
Magic:  15/15      EV: 11    Int: 13      God:    Lugonu [***...]
Gold:   371        SH:  3    Dex: 11      Spells: 0 memorised, 7 levels left

rFire  . . .     SeeInvis .     B - +0 flail
rCold  . . .     Clarity  +     (armour unavailable)
rNeg   . . .     SustAb   .     p - +0 buckler
rPois  .         Gourm    .     (helmet restricted)
rElec  +         Spirit   .     y - +0 cloak
rCorr  .         Warding  .     (no gloves)
rMut   .         Stasis   .     (no boots)
MR     .....                    d - amulet of clarity
Stlth  ..........               (no ring)
                                j - ring of loudness (curse)

@: mighty, not resistant to hostile enchantments, extremely unstealthy
A: breathe lightning, unfitting armour, talons 1, blurry vision 1, mutation
resistance 1, electricity resistance, cold-blooded, AC +6
a: Breathe Lightning, Depart the Abyss, Bend Space, Banish, Renounce Religion


You were on level 7 of the Dungeon.
You worshipped Lugonu.
Lugonu was most pleased with you.
You were very full.

You visited 2 branches of the dungeon, and saw 8 of its levels.
You visited the Abyss 1 time.

You collected 371 gold pieces.

Inventory:

Hand weapons
 k - a +3 whip
 B - a +0 flail (weapon)
Missiles
 i - 4 javelins (quivered)
Armour
 g - a +1 shield
 p - a +0 buckler (worn)
 y - a +0 cloak (worn)
Jewellery
 d - an amulet of clarity (around neck)
 j - a cursed ring of loudness (left hand)
Magical devices
 n - a wand of flame (48)
 z - a wand of fire (7)
 C - a wand of random effects (24)
Scrolls
 b - a scroll of teleportation
 l - a scroll of amnesia
 m - a scroll of magic mapping
 o - a scroll of fog
 q - 4 scrolls of remove curse
 t - 2 scrolls of identify
 w - a scroll of recharging
 D - a scroll of silence {unknown}
Potions
 a - a potion of might
 u - a potion of agility
 v - a potion of haste
Books
 A - a book of Frost

   Spells                             Type                      Level
   a - Freeze                         Ice                          1
   b - Throw Frost                    Conjuration/Ice              2
   c - Ozocubu's Armour               Charms/Ice                   3
   d - Throw Icicle                   Conjuration/Ice              4
   e - Summon Ice Beast               Ice/Summoning                4
   f - Condensation Shield            Ice                          4
Miscellaneous
 h - a plain deck of destruction {drawn: 2}
Comestibles
 c - 5 bread rations
 f - 2 meat rations
 r - 6 beef jerkies
 x - a royal jelly


   Skills:
 + Level 9.2 Fighting
 - Level 5.0 Maces & Flails
 - Level 2.1 Dodging
 - Level 5.1 Invocations


You had 7 spell levels left.
You didn't know any spells.

Dungeon Overview and Level Annotations

Branches:
Dungeon (7/15)             Temple (1/1) D:4

Altars:
Cheibriados
Dithmenos
Elyvilon
Fedhas
Gozag
Kikubaaqudgha
Nemelex Xobeh
Okawaru
Qazlal
Ru
Sif Muna
Xom
Zin
The Shining One

Annotations:
Abyss:1 Edmund


Innate Abilities, Weirdness & Mutations

You can breathe wild blasts of lightning.
Your glossy black scales are hard (AC +6).
Your body does not fit into most forms of armour.
You are resistant to electric shocks.
Your cold-blooded metabolism reacts poorly to cold.
You have sharp toenails.
Scrolls take you a little longer to read.
You are somewhat resistant to further mutation.


Message History

The sheep is almost dead.
The sheep bites you!
* * * LOW HITPOINT WARNING * * *
The sheep barely misses you.
Unknown command.
You barely miss the sheep.
The sheep is almost dead.
The sheep bites you.
* * * LOW HITPOINT WARNING * * *
The sheep bites you but does no damage. The sheep bites you.
* * * LOW HITPOINT WARNING * * *
Drink which item? (? for menu, Esc to quit)
Okay, then.
Use which ability? (? or * to list)
You breathe a wild blast of lightning!
The orb of electricity explodes!
The orb of electricity engulfs the sheep.
You kill the sheep!
Lugonu accepts your kill. The orb of electricity engulfs you! You resist.
You die...

#######
#%%#..#
#%.#..#
#..'./#
#)Y#..#
#@.#..#
###'#####
####....#
#####..)...##
##(..((######
######((#####
....<..##
..######


You could see a sheep.

Vanquished Creatures
  A human (D:7)
  A black bear (D:5)
  A phantom (D:6)
  3 ogres
  2 centaurs
  A crimson imp (D:5)
  A giant frog skeleton (D:6)
  An orc wizard (D:3)
  A worker ant (D:5)
  3 sheep (D:7)
  6 gnolls
  7 adders
  2 river rats (D:3)
  2 giant mites
  A worm (D:3)
  2 adder skeletons (D:5)
  4 giant geckos
  9 orcs
  3 ball pythons
  10 bats
  A bat skeleton (D:4)
  4 giant cockroaches
  12 goblins
  15 hobgoblins
  4 jackals (D:5)
  5 quokkas
  4 giant newts
  8 kobolds
  A quokka skeleton (D:4)
  A quokka zombie (D:6)
  15 rats
131 creatures vanquished.

Vanquished Creatures (others)
  A goliath beetle (D:6)
  3 orc wizards
  An orc (D:6)
5 creatures vanquished.

Grand Total: 136 creatures vanquished

Notes
Turn   | Place    | Note
--------------------------------------------------------------
     0 | Abyss:1  | vatarom, the Draconian Abyssal Knight, began the quest for the Orb.
     0 | Abyss:1  | Reached XP level 1. HP: 19/19 MP: 1/1
    16 | D:1      | Escaped the Abyss
   291 | D:1      | Reached XP level 2. HP: 19/26 MP: 2/2
   531 | D:1      | Acquired Lugonu's second power
   914 | D:2      | Reached XP level 3. HP: 20/31 MP: 3/3
  1103 | D:2      | Reached skill level 4 in Maces & Flails
  1194 | D:2      | Found a blossoming altar of Fedhas.
  1222 | D:2      | Acquired Lugonu's third power
  1224 | D:2      | Reached XP level 4. HP: 23/38 MP: 5/5
  1262 | D:2      | Found a sparkling altar of Nemelex Xobeh.
  1905 | D:3      | Reached skill level 5 in Maces & Flails
  2115 | D:3      | Reached XP level 5. HP: 7/45 MP: 5/7
  3174 | D:4      | Found a staircase to the Ecumenical Temple.
  3226 | D:4      | Acquired Lugonu's fourth power
  3267 | Temple   | Entered the Ecumenical Temple
  3661 | D:4      | Noticed an ogre
  3670 | D:4      | Killed an ogre
  3670 | D:4      | Reached skill level 5 in Invocations
  3670 | D:4      | Reached XP level 6. HP: 45/51 MP: 9/11
  3841 | D:5      | Entered Level 5 of the Dungeon
  4153 | D:5      | Noticed Edmund
  4156 | D:5      | Banished Edmund
  4276 | D:5      | Reached skill level 5 in Fighting
  4276 | D:5      | Your scales start taking on a glossy black colour.
  4276 | D:5      | Gained mutation: You are resistant to electric shocks. [draconian maturity]
  4276 | D:5      | Reached XP level 7. HP: 42/61 MP: 13/13
  4722 | D:5      | Reached skill level 6 in Fighting
  5293 | D:6      | Reached skill level 7 in Fighting
  5401 | D:6      | Reached skill level 8 in Fighting
  5669 | D:6      | Reached XP level 8. HP: 29/74 MP: 10/15
  5876 | D:6      | Gained mutation: You have sharp toenails. [potion of mutation]
  5876 | D:6      | Gained mutation: Scrolls take you a little longer to read. [potion of mutation]
  5876 | D:6      | Gained mutation: You are somewhat resistant to further mutation. [potion of mutation]
  5941 | D:7      | Reached skill level 9 in Fighting
  5946 | D:7      | Killed themself with a badly aimed orb of electricity

Action                   |  1- 3 |  4- 6 |  7- 9 || total
-------------------------+-------+-------+-------++-------
Melee: Mace              |   111 |   113 |       ||   224
       Whip              |       |    67 |   136 ||   203
       Flail             |       |       |    54 ||    54
Invok: Banish            |       |     3 |     5 ||     8
       Bend Space        |       |     1 |       ||     1
 Abil: Breathe Lightning |       |       |     2 ||     2
Evoke: Deck              |       |     2 |       ||     2
       Wand              |       |     1 |       ||     1
  Use: Potion            |     3 |     3 |     4 ||    10
       Scroll            |     2 |     9 |     1 ||    12
  Eat: Chunk             |     1 |     1 |       ||     2
       Bread ration      |       |     1 |     1 ||     2
       Meat ration       |       |     1 |     2 ||     3
       Beef jerky        |       |     1 |       ||     1
